 Dungeon Crawl Stone Soup version 0.20-a0-540-ge6d1839 (webtiles) character file.

3460 M4edhros the Covert (level 10, -1/65 HPs)
             Began as an Octopode Artificer on Jan 30, 2017.
             Slain by a naga
             ... wielding a +2 trident of chaos
              (4 damage)
             ... on level 7 of the Dungeon.
             The game lasted 00:32:22 (14247 turns).

M4edhros the Covert (Octopode Artificer)           Turns: 14247, Time: 00:32:23

Health: -1/65      AC:  7    Str: 13    XL:     10   Next: 6%
Magic:  14/14      EV: 13    Int: 13    God:    Xom [*.....]
Gold:   754        SH:  9    Dex: 17    Spells: 5/11 levels left

rFire    + + .     SeeInvis .   C - +3 war axe
rCold    + . .     Gourm    .   w - +1 shield
rNeg     . . .     Faith    .   F - +2 hat
rPois    +         Spirit   .   (no amulet)
rElec    .         Reflect  .   q - ring of protection from fire
rCorr    +         Harm     .   e - ring of protection from cold
MR       .....                  H - ring of resist corrosion
Stlth    +++++.....             K - ring of protection from fire
Regen    0.1/turn               M - ring of poison resistance
                                (no ring)
                                (no ring)
                                (no ring)

@: drained
A: almost no armour, stealthy swim, amphibious, 8 rings, constrict 8, tentacle
spike 1, slimy green scales 1, yellow scales 1, camouflage 1, agile 1, blink,
slow regeneration 1, gelatinous body 1, evolution 1
a: Blink, Renounce Religion


You were on level 7 of the Dungeon.
You worshipped Xom.
You were a special plaything of Xom.
You were hungry.

You visited 2 branches of the dungeon, and saw 10 of its levels.
You also visited: Ossuary.

You collected 754 gold pieces.

Inventory:

Hand Weapons
 g - a +1 hunting sling of freezing
 i - a +1 hunting sling
 C - a +3 war axe (weapon)
Missiles
 h - 8 javelins (quivered)
 k - 182 stones
 l - 55 sling bullets
 t - 5 curare-tipped needles
Armour
 w - a +1 shield (worn)
 F - a +2 hat (worn)
Magical Staves
 y - an uncursed staff of cold {unknown}
Jewellery
 e - a ring of protection from cold (right tentacle)
 o - an uncursed ring of teleportation
 q - a ring of protection from fire (left tentacle)
 H - a ring of resist corrosion (on tentacle)
 K - a ring of protection from fire (on tentacle)
 M - a ring of poison resistance (on tentacle)
Wands
 b - a wand of flame (8/48)
 d - a wand of random effects (0/48)
 E - a wand of flame (27/48)
 I - a wand of confusion (0/48)
 J - a wand of confusion (20/48)
 N - a wand of digging (16/24)
Scrolls
 j - a scroll of teleportation
 G - a scroll of fear
Potions
 p - a potion of might
 r - 2 potions of magic
 u - a potion of resistance
Books
 x - a book of the Earth

   Spells                             Type                      Level
   a - Leda's Liquefaction            Hexes/Earth                  4
   b - Bolt of Magma                  Conjuration/Fire/Earth       5
   c - Statue Form                    Transmutation/Earth          6
   d - Iron Shot                      Conjuration/Earth            6
   e - Shatter                        Earth                        9
Comestibles
 s - 2 fruits
 v - 4 meat rations


   Skills:
 * Level 4.4(4.0) Fighting
   Level 1.0(0.6) Short Blades
 - Level 8.5(8.1) Slings
 * Level 5.0(4.6) Dodging
 - Level 8.7(8.3) Stealth
 - Level 2.8(2.4) Shields
 * Level 1.0(0.7) Spellcasting
 * Level 2.0(1.6) Transmutations
 * Level 1.7(1.3) Earth Magic
 - Level 6.1(5.7) Evocations


You had 5 spell levels left.
You knew the following spells:

 Your Spells              Type           Power        Failure   Level  Hunger
a - Statue Form           Tmut/Erth      #........    100%        6    #######


Dungeon Overview and Level Annotations

Branches:
Dungeon (9/15)             Temple (1/1) D:7
   Lair: D:8-11         Orc: D:9-12

Altars:
Ashenzari
Cheibriados
Dithmenos
Elyvilon
Fedhas
Gozag
Hepliaklqana
Kikubaaqudgha
Makhleb
Okawaru
Qazlal
Ru
Trog
Uskayaw
Vehumet
Xom
Yredelemnul
Zin
The Shining One


Innate Abilities, Weirdness & Mutations

You cannot wear most types of armour.
You are very stealthy in the water. (Stealth+)
You are amphibious.
You can wear up to eight rings at the same time.
You can use your tentacles to constrict eight enemies at once.
Your skin changes colour to match your surroundings (Stealth+).
Your rubbery body absorbs attacks. (AC +1, EV +1)
One of your tentacles bears a spike.
You are partially covered in slimy green scales. (AC +2)
You are partially covered in yellow scales. (AC +2)
You are agile. (Dex +2)
You can translocate small distances at will.
You regenerate slowly when monsters are visible.
You evolve.


Message History

The bullfrog zombie appears confused.
This wand has 0 charges left.
Xom makes a sudden noise!
You hear a very strange noise.
You are now a special plaything of Xom.
You hear a shout!
You hit the bullfrog zombie. You grab the bullfrog zombie.
The bullfrog zombie is lightly damaged.
You constrict the bullfrog zombie. The naga barely misses you.
Unknown command.
You slash the bullfrog zombie!
You pierce the bullfrog zombie, but do no damage.
You squeeze the bullfrog zombie.
The bullfrog zombie is severely damaged.
You constrict the bullfrog zombie. The bullfrog zombie misses you.
You block the naga's attack.
The naga hits you from afar with a trident of chaos!
* * * LOW HITPOINT WARNING * * *
Xom is highly amused!
You feel drained.
You die...
Xom chortles!

###########..# #.#
#............# ####.#
#.#########.## #....# #.#
#[# #.#..# #.#### #.#
#...## #####....#### #.#
##..## ............# #N#
##...##
#...#..#.##.###/####.....##
#.###).#......#.@Z........#
#.# #..#......######.....##
#.###...g..#...# ##...##
..........###..# #..##
..###...>..#...######..###
.####..#.##...#.......Z..#
.......#.###.###.####..#.#
.####.##....## ##......#.#
.# #.######.###.#.....#.##


You could see a naga and a bullfrog zombie (confused).

Vanquished Creatures
  Grinder (D:6)
  Prince Ribbit (D:5)
  A hippogriff (D:5)
  Eustachio (D:6)
  An iguana (D:9)
  A steam dragon (D:8)
  An acid dragon (D:7)
  3 killer bees (D:8)
  An ogre (D:5)
  3 centaurs (D:7)
  A crocodile (D:8)
  4 bullfrogs
  A water moccasin zombie (D:5)
  3 scorpions
  A howler monkey (D:4)
  2 crimson imps
  A centaur zombie (D:7)
  A quasit (D:9)
  A centaur skeleton (D:4)
  A bullfrog skeleton (D:4)
  2 hounds
  3 orc priests (D:4)
  2 orc wizards
  6 worker ants
  A big kobold zombie (Ossuary)
  A hound zombie (D:5)
  The ghost of M4edhros the Sneak, a weakling OpAr (D:3)
  8 mummies (Ossuary)
  4 gnolls (D:7)
  7 adders
  2 shadow imps
  2 oozes
  2 adder skeletons
  A worm (D:6)
  2 dart slugs
  A leopard gecko (D:1)
  10 orcs
  2 giant cockroaches
  4 goblins
  4 hobgoblins
  3 jackals (D:5)
  5 kobolds
  A quokka (D:3)
  4 bats
  2 frilled lizards
  A gnoll zombie (Ossuary)
  2 hobgoblin zombies (Ossuary)
  2 kobold zombies (Ossuary)
  A leopard gecko zombie (D:5)
  2 orc zombies (Ossuary)
  4 rats
  A rat zombie (D:4)
123 creatures vanquished.

Vanquished Creatures (collateral kills)
  Joseph (D:8)
  A hippogriff (D:9)
  An ice beast (D:9)
  A centaur (D:9)
  A hound (D:8)
  A jelly (D:8)
  A bullfrog skeleton (D:8)
  An adder (D:8)
  A leopard gecko (D:9)
9 creatures vanquished.

Vanquished Creatures (others)
  An ice beast (D:8)
  An ogre (D:8)
  A water moccasin skeleton (D:9)
  2 killer bees (D:8)
  An adder (D:8)
6 creatures vanquished.

Grand Total: 138 creatures vanquished

Notes
Turn   | Place    | Note
-------+----------+-------------------------------------------
     0 | D:1      | M4edhros the Octopode Artificer began the quest for the Orb.
     0 | D:1      | Reached XP level 1. HP: 13/13 MP: 3/3
    66 | D:1      | Reached skill level 1 in Slings
   364 | D:1      | Reached XP level 2. HP: 14/18 MP: 4/4
   758 | D:2      | Reached XP level 3. HP: 22/23 MP: 5/5
   783 | D:3      | Noticed M4edhros's ghost (weakling OpAr)
   795 | D:3      | Killed M4edhros's ghost
   900 | D:3      | Reached XP level 4. HP: 22/28 MP: 6/6
  1158 | D:4      | Found a sand-covered staircase.
  1171 | D:5      | Entered Level 5 of the Dungeon
  1202 | D:5      | Reached XP level 5. HP: 21/33 MP: 7/7
  1228 | D:5      | Noticed Prince Ribbit
  1244 | D:5      | Killed Prince Ribbit
  1244 | D:5      | Reached skill level 5 in Slings
  1244 | D:5      | Reached skill level 5 in Stealth
  1244 | D:5      | Reached XP level 6. HP: 38/38 MP: 8/8
  1391 | Ossuary  | Entered an ossuary
  1743 | Ossuary  | Reached XP level 7. HP: 43/43 MP: 9/9
  2753 | D:5      | Reached XP level 8. HP: 44/50 MP: 11/11
  2870 | D:5      | Noticed a hippogriff
  2880 | D:5      | Killed a hippogriff
  3233 | D:6      | Found an ancient bone altar of Kikubaaqudgha.
  3233 | D:6      | Found a glowing golden altar of the Shining One.
  3233 | D:6      | Found a glowing silver altar of Zin.
  3333 | D:6      | You fall through a shaft for 3 floors!
  3409 | D:9      | Noticed a hippogriff
  3411 | D:9      | Killed a hippogriff
  3411 | D:9      | Reached skill level 5 in Evocations
  3431 | D:9      | Reached XP level 9. HP: 16/57 MP: 12/12
  3678 | D:8      | Noticed Joseph
  3889 | D:8      | Killed Joseph
  4190 | D:8      | Noticed a two-headed ogre
  4836 | D:6      | Noticed Eustachio
  4847 | D:6      | Killed Eustachio
  4925 | D:6      | Reached skill level 1 in Shields
  4964 | D:6      | Noticed Grinder
  4989 | D:6      | Killed Grinder
  5410 | D:6      | Learned a level 6 spell: Statue Form
  5881 | D:7      | Reached skill level 1 in Earth Magic
  5983 | D:7      | Reached skill level 1 in Transmutations
  6045 | D:7      | HP: 2/58 [orc wizard/dagger (5)]
  6051 | D:7      | Reached XP level 10. HP: 3/64 MP: 14/14
  6619 | D:7      | Found a staircase to the Ecumenical Temple.
  6626 | Temple   | Entered the Ecumenical Temple
  6768 | Temple   | Became a worshipper of Xom of Chaos
  6867 | D:6      | XOM: potion effect (haste)
  6889 | D:6      | XOM: potion effect (brilliance)
  6915 | D:6      | XOM: divination: detect items
  6989 | D:6      | XOM: potion effect (curing)
  7015 | D:6      | XOM: harmless Chrm miscast
  7030 | D:6      | XOM: summons friendly quasit
  7127 | D:6      | XOM: summons 6 friendly demons
  7172 | D:6      | XOM: silly message
  7242 | D:6      | XOM: divination: detect items
  7318 | D:7      | XOM: give mutations
  7318 | D:7      | Gained mutation: You are partially covered in slimy green scales. (AC +2) [Xom's grace]
  7318 | D:7      | Gained mutation: Your muscles are strong. (Str +2) [Xom's grace]
  7318 | D:7      | Gained mutation: You are partially covered in yellow scales. (AC +2) [Xom's grace]
  7831 | Temple   | XOM: harmless Summ miscast
  7933 | Temple   | XOM is BORED!
  7933 | Temple   | XOM: medium Chrm miscast
  8460 | Temple   | XOM: god gift: scroll labeled JAG PIAVVOSH {god gift}
  8872 | Temple   | XOM: mild Summ miscast
  9943 | Temple   | XOM: scenery: create altars
 10108 | Temple   | XOM: harmless Conj miscast
 10602 | Temple   | XOM: mild Fire miscast
 10943 | Temple   | XOM: cloud trail
 11215 | Temple   | XOM: 2-stop teleportation journey
 11791 | Temple   | XOM: 4-stop teleportation journey
 11967 | Temple   | XOM: god gift: 17 gold pieces
 12321 | D:7      | XOM: cast spell 'Metabolic Englaciation'
 12327 | D:7      | XOM: harmless Tloc miscast
 12332 | D:7      | XOM: cast spell 'Summon Horrible Things'
 12406 | D:7      | XOM: blink monster(s)
 12431 | D:7      | XOM: harmless Fire miscast
 12460 | D:7      | XOM: harmless Summ miscast
 12483 | D:7      | XOM: harmless Hex miscast
 12495 | D:7      | XOM: polymorph orc warrior -> naga
 12562 | D:7      | XOM: enchant monster (bad)
 12606 | D:7      | XOM: blink monster(s)
 12671 | D:7      | XOM: enchant monster (bad)
 12676 | D:7      | XOM: harmless Summ miscast
 12696 | D:7      | XOM: give mutation
 12696 | D:7      | Lost mutation: Your muscles are strong. (Str +2) [Xom's mischief]
 12777 | Temple   | XOM: mild Ice miscast
 13333 | Temple   | XOM: give mutation
 13333 | Temple   | Gained mutation: You regenerate slowly when monsters are visible. [Xom's mischief]
 13530 | Temple   | XOM: give mutations
 13530 | Temple   | Gained mutation: One of your tentacles bears a spike. [Xom's grace]
 13530 | Temple   | Gained mutation: You can translocate small distances at will. [Xom's grace]
 13530 | Temple   | Gained mutation: You evolve. [Xom's grace]
 13530 | Temple   | Gained mutation: You are agile. (Dex +2) [Xom's grace]
 13660 | D:7      | Reached skill level 5 in Dodging
 13743 | D:7      | XOM: chaos upgrade
 13774 | D:7      | XOM: confuse monster(s)
 13784 | D:7      | XOM: divination: detect items
 13815 | D:7      | XOM: enchant monster (bad)
 13857 | D:7      | XOM: cast spell 'Summon Ice Beast'
 13903 | D:7      | XOM: enchant monster (good)
 14031 | D:7      | XOM: mild Necr miscast
 14217 | D:7      | XOM: confuse monster(s)
 14227 | D:7      | XOM: divination: detect creatures
 14236 | D:7      | XOM: divination: detect creatures
 14242 | D:7      | Reached skill level 1 in Spellcasting
 14245 | D:7      | XOM: noise
 14247 | D:7      | HP: 3/65 [naga/trident of chaos (12)]
 14247 | D:7      | Slain by a naga

Vault maps used:
D:1:      dpeg_cavernosity
D:2:      uniq_crazy_yiuf_cottage
D:3:      first_bread
D:4:      enter_ossuary_3
D:5:      uniq_prince_ribbit1
D:6:      gammafunk_temple_overflow_forgotten, uniq_eustachio, uniq_grinder
D:7:      minmay_temple_entry_enclosed_plants
D:8:      uniq_joseph
Temple:   eino_narrow_crystal_temple
Ossuary:  ossuary_tomb_3

Skill      XL: |  1  2  3  4  5  6  7  8  9 10 |
---------------+-------------------------------+-----
Slings         | 1 2 3 5 6 7 8 |  8.5
Stealth        | 2 3 5 6 7 8 |  8.7
Evocations     | 4 5 6 |  6.1
Fighting       | 2 3 4 |  4.4
Dodging        | 3 4 5 |  5.0
Shields        | 2 |  2.8
Earth Magic    | 1 |  1.7
Transmutations | 1 2 |  2.0
Spellcasting   | 1 |  1.0
Short Blades   | |  1.0

Action                   |  1- 3 |  4- 6 |  7- 9 | 10-12 || total
-------------------------+-------+-------+-------+-------++-------
Melee: Short sword       |    67 |    22 |   128 |       ||   217
       Constrict         |    21 |     5 |    32 |     6 ||    64
       Tentacles         |     6 |     3 |    31 |     7 ||    47
       Mace              |       |       |    34 |     5 ||    39
       War axe           |       |       |       |    13 ||    13
       Kick              |       |       |       |     3 ||     3
 Fire: Hunting sling     |       |   114 |   112 |       ||   226
Evoke: Wand              |     5 |     6 |    40 |    10 ||    61
  Use: Scroll            |       |     4 |    15 |     4 ||    23
       Potion            |       |     1 |     7 |       ||     8
 Stab: Sleeping          |     7 |     3 |     4 |       ||    14
       Distracted        |       |       |     2 |       ||     2
       Paralysed         |       |       |     3 |       ||     3
  Eat: Chunk             |       |     2 |    11 |     5 ||    18
       Royal jelly       |       |       |     1 |     3 ||     4
       Bread ration      |       |       |       |     2 ||     2
       Meat ration       |       |       |       |     1 ||     1
Armor: Skin              |    10 |     1 |    12 |    16 ||    39
Dodge: Dodged            |    52 |    18 |   172 |    66 ||   308
Block: Shield            |       |       |    21 |    58 ||    79
